 Dungeon Crawl Stone Soup version 0.20.1-1-g8b1a95d (webtiles) character file.

6411 Gargoyl the Cleaver (level 10, -4/88 HPs)
             Began as a Minotaur Abyssal Knight on Oct 20, 2017.
             Was an Elder of Lugonu.
             Slain by a two-headed ogre
             ... wielding a +0 giant spiked club
              (13 damage)
             ... on level 9 of the Dungeon.
             The game lasted 00:15:01 (7229 turns).

Gargoyl the Cleaver (Minotaur Abyssal Knight)       Turns: 7229, Time: 00:15:02

Health: -4/88      AC: 15    Str: 23    XL:     10   Next: 66%
Magic:  14/14      EV: 12    Int: 18    God:    Lugonu [****..]
Gold:   138        SH: 13    Dex: 12    Spells: 9/9 levels left

rFire    . . .     SeeInvis .   a - +6 hand axe
rCold    . . .     Gourm    .   A - +0 shield
rNeg     . . .     Faith    .   G - +0 chain mail of Death's Door {*Slow +Blink Int+4} (curse)
rPois    .         Spirit   .   (helmet restricted)
rElec    .         Reflect  +   (no cloak)
rCorr    .         Harm     .   (no gloves)
MR       .....                  y - +2 pair of boots
Stlth    ..........             g - +4 amulet of reflection
Regen    0.3/turn               d - +5 ring of evasion
MPRegen  0.2/turn               m - ring of Livowo {Str+5 Int+5}

@: no status effects
A: retaliatory headbutt, horns 2
a: Depart the Abyss, Bend Space, Banish, Corrupt, Renounce Religion, Evoke Blink


You were on level 9 of the Dungeon.
You worshipped Lugonu.
Lugonu was greatly pleased with you.
You were not hungry.

You visited 1 branch of the dungeon, and saw 9 of its levels.
You visited the Abyss 1 time.

You collected 693 gold pieces.
You spent 555 gold pieces at shops.

Inventory:

Hand Weapons
 a - a +6 hand axe (weapon)
 q - a +0 war axe
Missiles
 B - 2 javelins (quivered)
Armour
 o - a +1 chain mail
 y - a +2 pair of boots (worn)
 A - a +0 shield (worn)
 C - the scarf of the Apprentice {rC- MR- Dex+10 SInv}
   (You acquired it on level 7 of the Dungeon)

   It affects your dexterity (+10).
   It makes you vulnerable to cold.
   It affects your resistance to hostile enchantments.
   It lets you see invisible.
 G - the cursed +0 chain mail of Death's Door (worn) {*Slow +Blink Int+4}
   (You bought it in a shop on level 7 of the Dungeon)

   It affects your intelligence (+4).
   It lets you blink.
   It may slow you when you take damage.
   It has a curse placed upon it.
Jewellery
 d - a +5 ring of evasion (left hand)
 g - a +4 amulet of reflection (around neck)
 m - the ring of Livowo (right hand) {Str+5 Int+5}
   (You found it on level 4 of the Dungeon)

   [ring of strength]

   It affects your strength (+5).
   It affects your intelligence (+5).
 t - an uncursed ring of protection from magic
Wands
 r - a wand of flame (11/48)
 w - a wand of iceblast (5/15)
 D - a wand of acid (3/15)
 F - a wand of flame (24/48)
 H - a wand of flame (23/48)
Scrolls
 u - 2 scrolls of identify
 v - a scroll of fear
 x - 9 scrolls of teleportation
Potions
 b - 4 potions of curing
 e - 2 potions of lignification {unknown}
 h - 3 potions of agility {unknown}
 i - a potion of mutation {unknown}
 j - 2 potions of brilliance {unknown}
 k - 4 potions of resistance
 p - 4 potions of heal wounds
 z - a potion of invisibility {unknown}
 E - a potion of haste
Books
 s - the Grimoire of Bewitching Unholy Magic
   (You found it on level 5 of the Dungeon)

   Spells                             Type                      Level
   a - Confuse                        Hexes                        3
   b - Animate Dead                   Necromancy                   4
   c - Silence                        Hexes/Air                    5
Comestibles
 c - 5 bread rations
 f - 5 meat rations
 l - 3 fruits
 n - 4 royal jellies
 I - 7 chunks of flesh


   Skills:
 + Level 8.1 Fighting
 + Level 11.6 Axes
 * Level 10.0 Armour
 + Level 3.5 Dodging
 - Level 0.1 Stealth
 + Level 3.3 Shields
 * Level 7.2 Invocations


You had 9 spell levels left.
You didn't know any spells.

Dungeon Overview and Level Annotations

Branches:
Dungeon (9/15)             Temple (0/1) D:5
   Lair: D:8-11         Orc: D:9-12

Altars:
Dithmenos
Elyvilon
Fedhas
Gozag
Hepliaklqana
Kikubaaqudgha
Okawaru
Trog
Vehumet
The Shining One

Shops:
D:4 =((   D:7 }?*


Innate Abilities, Weirdness & Mutations

You reflexively headbutt those who attack you in melee.
You have a pair of horns on your head.


Message History

You block the two-headed ogre's attack. The two-headed ogre barely misses you.
You block the orc warrior's attack. The orc closely misses you.
Unknown command.
You slash the two-headed ogre!
Your headbutt misses the two-headed ogre.
The two-headed ogre is moderately wounded.
You slash the orc!
You kill the orc!
Lugonu accepts your kill.
You hit the orc warrior. You closely miss the two-headed ogre.
The two-headed ogre is moderately wounded.
You hit the orc warrior but do no damage.
You are struck by the porcupine's spines.
* * * LOW HITPOINT WARNING * * *
You hit the porcupine. You block the porcupine's attack.
The two-headed ogre hits you with a giant spiked club.
* * * LOW HITPOINT WARNING * * *
The two-headed ogre hits you with a giant spiked club!
You die... ..P .. ...§♣§. ♣PPP

.♣. ♣§§.######## ♣P.♣♣..
♣P#.#.......
♣.♣...♣♣♣P#.#.######
♣.P.♣..P♣.#.#.#..... ##
♣.♣.....♣..#.#.####
#...♣♣♣.♣♣.#♣♣♣....#.#..†
♣...))o.#+#....###.#.##
#P..♣♣♣♣O@## ##♣....#.#.#
# ......♣r# ♣♣.#.#.#.#
♣♣.♣♣..♣# ♣.....#.# .♣♣
♣##.###.## §. #.#<#.##
P♣. #.#.#.#


oP. #.#.#.# #.#.#.# #.#...# You could see a two-headed ogre, an orc warrior and
a porcupine.

Vanquished Creatures
  3 two-headed ogres
  Pikel (D:7)
  Joseph (D:7)
  2 centaur skeletons
  2 hippogriffs (D:8)
  A wraith (D:7)
  Grum (D:9)
  A porcupine (D:9)
  An orc warrior (D:6)
  A sky beast (D:8)
  A necrophage (D:6)
  A slave (D:7)
  An ogre (D:6)
  6 centaurs
  4 wolves (D:9)
  2 bullfrogs
  3 scorpions
  5 crimson imps
  2 bullfrog skeletons
  4 orc priests
  4 iguanas
  6 hounds
  2 jellies (D:7)
  5 orc wizards
  3 worker ants
  A hound skeleton (D:7)
  Robin (D:2)
  5 gnolls
  16 adders
  A shadow imp (D:7)
  2 worms (D:2)
  A dart slug (D:3)
  3 leopard geckos
  28 orcs
  9 bats
  9 giant cockroaches
  12 goblins
  5 hobgoblins
  9 jackals
  4 quokkas
  6 frilled lizards
  4 kobolds
  A quokka zombie (D:7)
  5 rats
185 creatures vanquished.

Vanquished Creatures (others)
  2 slaves (D:7)
  2 orc wizards (D:7)
  An orc (D:7)
  A jackal zombie (D:7)
  A plant (D:9)
7 creatures vanquished.

Grand Total: 192 creatures vanquished

Notes
Turn   | Place    | Note
-------+----------+-------------------------------------------
     0 | Abyss:1  | Gargoyl the Minotaur Abyssal Knight began the quest for the Orb.
     0 | Abyss:1  | Reached XP level 1. HP: 19/19 MP: 1/1
    50 | Abyss:2  | Noticed a rakshasa
   112 | Abyss:3  | Noticed a large abomination
   120 | Abyss:3  | Noticed a ynoxinul
   120 | Abyss:3  | Noticed a raiju
   122 | Abyss:3  | Noticed a raiju
   122 | Abyss:3  | Noticed a neqoxec
   123 | D:1      | Escaped the Abyss
   201 | D:1      | Reached XP level 2. HP: 5/27 MP: 2/2
  1063 | D:1      | Reached * piety under Lugonu
  1170 | D:2      | Reached skill level 3 in Axes
  1170 | D:2      | Reached XP level 3. HP: 33/33 MP: 3/3
  1584 | D:2      | Noticed Robin
  1590 | D:2      | Reached XP level 4. HP: 29/41 MP: 4/4
  1592 | D:2      | Reached ** piety under Lugonu
  1597 | D:2      | Killed Robin
  2165 | D:3      | Found a hazy altar of Hepliaklqana.
  2273 | D:3      | Reached skill level 4 in Axes
  2273 | D:3      | Reached XP level 5. HP: 47/47 MP: 5/5
  2315 | D:3      | Found an iron altar of Okawaru.
  2673 | D:3      | Found an ancient bone altar of Kikubaaqudgha.
  2793 | D:4      | Reached skill level 5 in Fighting
  2824 | D:4      | Found Zahiwo Peyts's Antique Weapon Boutique.
  2919 | D:4      | Reached XP level 6. HP: 53/56 MP: 7/7
  2946 | D:4      | Found Jyihucro's Jewellery Emporium.
  3027 | D:4      | Found Tatitsy's Weapon Shoppe.
  3030 | D:4      | Got a pitted tin ring
  3031 | D:4      | Identified the ring of Livowo {Str+5 Int+5} (You found it on level 4 of the Dungeon)
  3178 | D:4      | Reached skill level 5 in Axes
  3448 | D:5      | Entered Level 5 of the Dungeon
  3541 | D:5      | Found an opulent altar of Gozag.
  3580 | D:5      | Found a staircase to the Ecumenical Temple.
  3624 | D:5      | Reached XP level 7. HP: 61/61 MP: 8/8
  3797 | D:5      | Reached skill level 5 in Armour
  3871 | D:5      | Identified the Grimoire of Bewitching Unholy Magic
  3991 | D:5      | Reached *** piety under Lugonu
  3991 | D:5      | Reached skill level 6 in Axes
  4206 | D:5      | Reached skill level 7 in Axes
  4327 | D:5      | Found a blossoming altar of Fedhas.
  4471 | D:6      | Reached XP level 8. HP: 68/70 MP: 10/10
  4591 | D:6      | Reached skill level 8 in Axes
  4711 | D:6      | Reached skill level 9 in Axes
  5169 | D:7      | Found a radiant altar of Vehumet.
  5170 | D:7      | Found a bloodstained altar of Trog.
  5170 | D:7      | Found a glowing golden altar of the Shining One.
  5172 | D:7      | Found a white marble altar of Elyvilon.
  5174 | D:7      | Noticed Joseph
  5187 | D:7      | Killed Joseph
  5187 | D:7      | Reached skill level 5 in Invocations
  5187 | D:7      | Reached XP level 9. HP: 36/78 MP: 11/11
  5490 | D:7      | Found Hener's Gadget Emporium.
  5511 | D:7      | Noticed Pikel
  5523 | D:7      | Killed Pikel
  5523 | D:7      | Reached skill level 10 in Axes
  5581 | D:7      | Found Gumeomod's Magic Scroll Emporium.
  5602 | D:7      | Bought a scroll of teleportation for 30 gold pieces
  5602 | D:7      | Bought a scroll of teleportation for 30 gold pieces
  5602 | D:7      | Bought a scroll of teleportation for 30 gold pieces
  5602 | D:7      | Bought a scroll of teleportation for 30 gold pieces
  5618 | D:7      | Found Bifyer's Assorted Antiques.
  5640 | D:7      | Bought a smelly chain mail for 285 gold pieces
  5640 | D:7      | Bought a potion of heal wounds for 150 gold pieces
  5650 | D:7      | Identified the cursed +0 chain mail of Death's Door {*Slow +Blink Int+4} (You bought it in a shop on level 7 of the Dungeon)
  5651 | D:7      | Identified a scroll of acquirement
  5652 | D:7      | Got a transparent scarf
  5658 | D:7      | Identified the scarf of the Apprentice {rC- MR- Dex+10 SInv} (You acquired it on level 7 of the Dungeon)
  5785 | D:7      | Reached **** piety under Lugonu
  6084 | D:8      | Noticed a two-headed ogre
  6098 | D:8      | Killed a two-headed ogre
  6098 | D:8      | Reached skill level 11 in Axes
  6098 | D:8      | Reached XP level 10. HP: 65/86 MP: 13/13
  6229 | D:8      | Found a shadowy altar of Dithmenos.
  6377 | D:8      | Reached skill level 1 in Shields
  7136 | D:9      | Noticed Grum
  7149 | D:9      | Killed Grum
  7200 | D:9      | Noticed a two-headed ogre
  7204 | D:9      | Noticed a two-headed ogre
  7208 | D:9      | Noticed a two-headed ogre
  7210 | D:9      | Killed a two-headed ogre
  7219 | D:9      | Killed a two-headed ogre
  7219 | D:9      | Reached skill level 10 in Armour
  7229 | D:9      | Slain by a two-headed ogre

Skill      XL: |  1  2  3  4  5  6  7  8  9 10 |
---------------+-------------------------------+-----
Fighting       | 4 5 6 7 8 |  8.1
Axes           | 3 4 5 7 9 11 | 11.6
Invocations    | 2 3 4 5 6 7 |  7.2
Armour         | 3 4 5 6 8 10 | 10.0
Dodging        | 2 3 |  3.5
Shields        | 3 |  3.3
Stealth        | |  0.1

Action                   |  1- 3 |  4- 6 |  7- 9 | 10-12 || total
-------------------------+-------+-------+-------+-------++-------
Melee: Hand axe          |    66 |   130 |   128 |    89 ||   413
       Headbutt          |     9 |    21 |    46 |    18 ||    94
       Battleaxe         |       |       |    51 |       ||    51
Invok: Depart the Abyss  |     1 |       |       |       ||     1
  Use: Scroll            |     7 |     4 |     8 |     2 ||    21
       Potion            |     1 |       |       |       ||     1
  Eat: Chunk             |     2 |     7 |     7 |     4 ||    20
Armor: Leather armour    |    12 |       |       |       ||    12
       Chain mail        |     8 |    49 |    78 |    25 ||   160
Dodge: Dodged            |    35 |    80 |   108 |    36 ||   259
Block: Other             |     5 |    27 |    30 |       ||    62
       Reflection        |       |     2 |     2 |     4 ||     8
       Shield            |       |       |    19 |    60 ||    79
